Cogmind - Beta 12 @@@ ROGUE MODE // 2023.12.18 @ 01:31:52 Player: DreamAR Result: Destroyed by B-74 Champion with Powered Hammer Performance ------------- Evolutions (7) 3500 Regions Visited (26) 5200 Robots Destroyed (309) 1545 Value Destroyed (15953) 15953 Prototype IDs (75) 1500 Alien Tech Used (10) 2000 Bonus (7164) 7164 TOTAL SCORE: 36862 Bonus ------- High Alert Combat Kills 3869 Follower Combat Kills 2103 Entered DSFs 500 Network Hubs Disabled 400 Met Imprinter 300 Destroyed Z-Imprinter 1000 Met Zhirov 300 A7 Reached Mainframe 300 Friendly Fire -1608 Cogmind --------- Core Integrity 0/1300 Matter 41/300 Energy 54/790 System Corruption 3% Temperature Cool (0) Movement Immobile (Siege) Location -3/Section 7 Parts ------- > --- POWER (1) -------- Light Quantum Reactor > --- PROPULSION (2) --- High-density Centrium Heavy Treads > --- UTILITY (16) ----- Experimental Cooling System Large Storage Unit Experimental Energy Well Experimental Optical Array Advanced Signal Interpreter Advanced Targeting Computer Advanced Target Analyzer Heavy Regenerative Plating Graphene Brace Thermal Barrier Experimental Force Field Hacking Suite System Shield Improved System Shield System Guard > --- WEAPON (2) ------- Compact Linear Accelerator Compact Linear Accelerator > --- INVENTORY (15) --- Light Antimatter Reactor Centrium Wheel Advanced Heat Sink Experimental EM Disruption Field Antimissile System Transdimensional Reconstructor Core Cannon Compact Tesla Bomb Launcher Advanced Remote Datajack Core Stripper Nanosword Sigix Corpse Sigix Corpse Peak State ------------ > --- POWER ------------ Light Particle Reactor > --- PROPULSION ------- High-density Centrium Heavy Treads > --- UTILITY ---------- Advanced Power Amplifier Coolant Network Large Storage Unit Experimental Energy Well Advanced Sensor Array Advanced Signal Interpreter Advanced Targeting Computer Advanced Target Analyzer Improved Weapon Cycler Phase Armor Experimental EM Disruption Field Hacking Suite Improved System Shield System Guard > --- WEAPON ----------- Core Stripper > --- INVENTORY -------- Thermal Barrier Antimissile System Transdimensional Reconstructor Core Cannon Compact Linear Accelerator Compact Linear Accelerator Compact Linear Accelerator Compact Tesla Bomb Launcher Smartbomb Launcher Advanced Remote Datajack Nanosword Sigix Corpse Sigix Corpse [Rating: 182] Favorites ----------- Power Zionite Light DM Reactor Engine Ion Engine Power Core Fission Core Reactor Zionite Light DM Reactor Propulsion Advanced Treads Treads Advanced Treads Leg Aluminum Leg Wheel Armored Wheel Hover Unit Zionite Glidesys I Flight Unit Improved Flight Unit Utility Large Storage Unit Device Advanced Sensor Array Storage Large Storage Unit Processor Advanced Signal Interpreter Hackware Hacking Suite Protection Hardened Medium Armor Plating Artifact Phase Armor Weapon Graviton Cannon Energy Gun Cooled Pulse Rifle Energy Cannon Cooled Particle Cannon Ballistic Gun Assault Rifle Ballistic Cannon Graviton Cannon Launcher Grenade Launcher Special Weapon RU-N14's Throwing Claymores Impact Weapon Core Stripper Slashing Weapon Nanosword Build | -11 -10 -10 -10 -9 -8 -7 -7 -6 -6 -6 -6 -6 -5 -5 -5 -5 -5 -4 -4 -4 -4 -4 -4 -3 -3 -3 ------- Run | Jun Mat Min Exi Min Mat Fac DSF Fac Low Low Zio Dee Pro Fac Upp Upp Zhi Pro Fac Ext Cet Arc Hub Res Qua Sec Slots Evolved 14 | . . . . . 4 2 . 2 . . . . . 2 . . . . 2 . . . . 2 . . Power . | . . . . . . . . . . . . . . . . . . . . . . . . . . . Propulsion . | . . . . . . . . . . . . . . . . . . . . . . . . . . . Utility 14 | . . . . . 4 2 . 2 . . . . . 2 . . . . 2 . . . . 2 . . Weapon . | . . . . . . . . . . . . . . . . . . . . . . . . . . . Parts Attached 489 | 11 16 2 1 3 50 4 7 40 4 13 8 23 10 56 25 23 10 1 6 14 9 3 24 30 38 58 Power 30 | 2 1 . . . 5 . 1 5 . 1 . 2 . . 1 . 2 . . 3 1 . . 1 1 4 Engine 10 | 2 1 . . . 2 . . 5 . . . . . . . . . . . . . . . . . . Core 5 | . . . . . 3 . 1 . . 1 . . . . . . . . . . . . . . . . Reactor 15 | . . . . . . . . . . . . 2 . . 1 . 2 . . 3 1 . . 1 1 4 Propulsion 41 | 4 4 . . . 7 . . 8 . 1 1 3 3 2 . . . . . . 1 2 . . 3 2 Treads 25 | 2 2 . . . 6 . . 6 . 1 . . 1 1 . . . . . . 1 1 . . 2 2 Leg 4 | 2 . . . . . . . . . . . . 1 . . . . . . . . 1 . . . . Wheel 6 | . 2 . . . . . . 2 . . . . 1 . . . . . . . . . . . 1 . Hover 5 | . . . . . . . . . . . 1 3 . 1 . . . . . . . . . . . . Flight 1 | . . . . . 1 . . . . . . . . . . . . . . . . . . . . . Utility 227 | 2 5 2 1 . 22 2 4 18 4 5 2 13 5 26 14 13 6 1 4 8 2 1 10 11 21 25 Device 155 | 1 3 . . . 16 1 3 10 3 3 1 8 4 20 9 13 4 1 1 3 1 1 6 7 15 21 Storage 20 | 1 . 2 1 . 1 . . 3 . . . 2 1 3 . . 1 . . 1 . . 2 2 . . Processor 20 | . . . . . 2 . 1 2 1 1 1 . . 2 4 . . . 1 1 . . 1 1 1 1 Hackware 7 | . . . . . 1 1 . . . . . 1 . . 1 . . . . . . . . 1 1 1 Protection 22 | . 2 . . . 2 . . 3 . 1 . 2 . 1 . . 1 . 2 3 1 . 1 . 2 1 Artifact 3 | . . . . . . . . . . . . . . . . . . . . . . . . . 2 1 Weapon 191 | 3 6 . . 3 16 2 2 9 . 6 5 5 2 28 10 10 2 . 2 3 5 . 14 18 13 27 Energy Gun 12 | 1 . . . . 4 1 . . . . . 1 . 5 . . . . . . . . . . . . Energy Cannon 36 | . 2 . . 1 3 1 1 6 . 3 1 . 2 8 . . . . 1 . . . . . 2 5 Ballistic Gun 11 | 2 2 . . . 4 . . 1 . . . . . . 1 . . . . . 1 . . . . . Ballistic Cannon 67 | . . . . . 5 . . . . . . . . 6 5 6 1 . 1 3 2 . 6 10 7 15 Launcher 35 | . 2 . . 2 . . 1 1 . 3 2 . . 1 2 4 . . . . 2 . 6 5 1 3 Special Weapon 14 | . . . . . . . . 1 . . 1 4 . 4 2 . 1 . . . . . 1 . . . Impact Weapon 9 | . . . . . . . . . . . 1 . . 3 . . . . . . . . . . 2 3 Slashing Weapon 7 | . . . . . . . . . . . . . . 1 . . . . . . . . 1 3 1 1 Piercing Weapon . | . . . . . . . . . . . . . . . . . . . . . . . . . . . Special Melee Weapon . | . . . . . . . . . . . . . . . . . . . . . . . . . . . Unidentified Prototypes 59 | . . . . . 5 1 . 2 . . 1 7 . 11 1 . 4 . . . 3 1 1 2 10 10 Corrupted Parts 1 | . . . . . . . . . . . . 1 . . . . . . . . . . . . . . System Corruption 1 | . . . . . . . . . . . . 1 . . . . . . . . . . . . . . Parts Lost 56 | . 1 . . . 14 . . 3 1 4 . 1 2 7 3 1 . . . 4 . . 2 9 1 3 Power 7 | . . . . . 2 . . . . 1 . 1 . . 1 . . . . 1 . . . 1 . . Propulsion 5 | . . . . . 2 . . . . 2 . . 1 . . . . . . . . . . . . . Utility 37 | . 1 . . . 7 . . 3 1 1 . . 1 7 1 1 . . . 3 . . 1 6 1 3 Weapon 7 | . . . . . 3 . . . . . . . . . 1 . . . . . . . 1 2 . . Highest Loss Streak 9 | . 1 . . . 7 . . 2 1 2 . 1 2 4 1 1 . . . 2 . . 2 9 1 2 To Critical Strikes 2 | . . . . . 1 . . . . . . . . . 1 . . . . . . . . . . . Average Slot Usage (%) 93 | . 99 100 74 100 97 100 100 99 99 96 95 95 94 95 91 91 90 88 85 90 93 93 94 93 89 83 Engine 1 | . 14 14 14 14 6 . . 5 6 . . . . . . . . . . . . . . . . . Core 1 | . . . . . 3 7 7 . . 5 6 . . . . . . . . . . . . . . . Reactor 2 | . . . . . . . . . . . . 3 6 5 4 5 5 5 5 5 5 5 5 4 4 4 Treads 5 | . 9 . . . 9 15 15 6 13 9 6 4 1 3 5 5 5 5 5 5 5 4 5 4 4 4 Wheel 2 | . 13 28 28 28 8 . . 6 . . . . 1 1 . . . . . . . . . . . . Hover 1 | . . . . . . . . . . . 2 7 9 1 . . . . . . . . . . . . Device 23 | . 8 . . . 27 30 24 23 25 22 20 18 16 34 25 30 26 23 23 24 30 31 30 31 26 22 Storage 11 | . 14 14 14 14 9 7 7 7 13 13 13 13 13 11 11 11 13 17 12 10 10 10 10 9 10 9 Processor 17 | . . . . . 5 7 13 16 13 20 20 20 20 19 22 19 17 17 19 22 21 21 21 19 19 19 Hackware 6 | . . . . . 7 15 15 13 13 6 6 6 6 2 4 5 5 5 5 5 5 5 5 9 12 9 Protection 3 | . 5 14 14 14 3 . . 4 . 3 6 6 4 . 1 . 2 . 2 5 5 5 5 3 . 2 Energy Cannon 4 | . 4 . . . 3 13 14 12 13 12 12 . 12 3 . . . . . . . . . . . . Ballistic Cannon 4 | . . . . . 6 . . . . . . . . 3 10 9 10 11 9 10 9 10 9 7 6 5 Naked Turns . | . . . . . . . . . . . . . . . . . . . . . . . . . . . Heaviest Build 113 | 14 22 56 56 57 72 44 44 74 58 62 62 67 57 80 85 88 85 80 80 81 86 80 81 77 113 103 Greatest Support 92 | 40 40 24 24 24 44 44 44 59 59 59 31 37 28 92 80 80 80 80 80 80 80 80 80 80 90 90 Greatest Overweight (x) 26 | . . 2 2 2 5 . . 3 . 1 1 2 4 19 1 1 1 . . 1 1 26 1 . 6 1 Average Overweight (x) . | . . . 2 2 1 . . 1 . . 1 1 2 1 . . . . . . . . . . . . Largest Inventory Capacity 20 | 8 8 20 20 20 20 15 15 20 15 15 15 15 15 15 15 15 15 15 15 15 15 15 15 15 15 15 Average Capacity 15 | 6 8 13 20 20 17 15 15 17 15 15 15 15 15 15 15 15 15 15 15 15 15 15 15 15 15 15 Most Carried 20 | 7 8 12 13 11 20 15 15 20 15 15 15 15 15 15 15 15 15 15 15 15 15 15 15 15 15 15 Average Carried 14 | 4 7 8 11 10 13 13 14 16 14 13 14 14 12 14 13 14 14 14 14 14 14 14 14 13 14 14 Final Capacity 20 | 8 8 20 20 20 15 15 15 15 15 15 15 15 15 15 15 15 15 15 15 15 15 15 15 15 15 15 Final Carried 15 | 7 8 10 12 11 15 15 15 15 14 15 15 15 12 15 15 15 15 15 14 15 15 15 13 9 15 15 Class Distribution -------------------- 59% | Mutant 23% | Hacker-Mutant 10% | Scavenger-Mutant 6% | Commander-Mutant Dominant Class ---------------- Mutant | -10/Materials Mutant | -10/Mines Mutant | -10/Exiles Mutant | -9/Mines Mutant | -8/Materials Mutant | -7/Factory Hacker-Mutant | -7/DSF Hacker-Mutant | -6/Factory Hacker-Mutant | -6/Lower Caves Mutant | -6/Lower Caves Mutant | -6/Zion Mutant | -6/Deep Caves Mutant | -5/Proximity Caves Mutant | -5/Factory Mutant | -5/Upper Caves Mutant | -5/Upper Caves Mutant | -5/Zhirov Mutant | -4/Proximity Caves Mutant | -4/Factory Commander-Mutant | -4/Extension Commander-Mutant | -4/Cetus Commander-Mutant | -4/Archives Scavenger-Mutant | -4/Hub_04(d) Scavenger-Mutant | -3/Research Hacker-Mutant | -3/Quarantine Hacker-Mutant | -3/Section 7 Resources | -11 -10 -10 -10 -9 -8 -7 -7 -6 -6 -6 -6 -6 -5 -5 -5 -5 -5 -4 -4 -4 -4 -4 -4 -3 -3 -3 ----------- Run | Jun Mat Min Exi Min Mat Fac DSF Fac Low Low Zio Dee Pro Fac Upp Upp Zhi Pro Fac Ext Cet Arc Hub Res Qua Sec Matter Collected 10976 | 191 281 19 . 50 1332 . 32 346 198 298 73 219 280 610 487 642 . 362 65 963 192 110 563 1297 596 1770 Remotely . | . . . . . . . . . . . . . . . . . . . . . . . . . . . Salvage Created 12852 | 42 371 42 . 118 1008 . 243 609 119 363 . 313 145 1868 168 763 . 141 54 865 155 42 1041 1403 760 2219 Parts 559 | 6 23 12 . 7 54 . 14 25 8 10 . 24 5 78 10 40 . 1 3 39 6 . 36 50 21 87 Haulers Intercepted 4 | . . . . . 2 . . . . . . . . 2 . . . . . . . . . . . . Recyclers Shooed 3 | . . . . . . . . . . . . . . 1 . . . . . 1 . . . 1 . . Parts Field Recycled 16 | . . . . . . . . . . . . . . . 4 9 3 . . . . . . . . . Retrieved Matter 157 | . . . . . . . . . . . . . . . 62 67 28 . . . . . . . . . Parts Self-Destructed 49 | . . . . . . . . . 8 10 1 . 4 . 7 18 . 1 . . . . . . . . Prevented 18 | . . . . . . . . . . . . . . . . 18 . . . . . . . . . . Kills | -11 -10 -10 -10 -9 -8 -7 -7 -6 -6 -6 -6 -6 -5 -5 -5 -5 -5 -4 -4 -4 -4 -4 -4 -3 -3 -3 ------- Run | Jun Mat Min Exi Min Mat Fac DSF Fac Low Low Zio Dee Pro Fac Upp Upp Zhi Pro Fac Ext Cet Arc Hub Res Qua Sec Combat Hostiles Destroyed 251 | . 12 6 . 5 23 . 5 8 2 16 . 9 5 32 9 16 . 4 1 9 1 1 17 22 8 40 Guns 21 | . 11 . . . 10 . . . . . . . . . . . . . . . . . . . . . Cannons 128 | . 1 . . . 13 . 2 8 2 4 . . 3 14 6 3 . 4 1 7 1 1 10 12 5 31 AOE 86 | . . 6 . 5 . . 3 . . 12 . 9 2 17 3 9 . . . 2 . . 7 5 1 5 Classes Destroyed 26 | 1 3 1 . 1 5 . 1 2 . 2 . 1 1 4 . . . . . 1 . . . . 2 1 Worker 8 | . . . . . 2 . . . . . . . . 6 . . . . . . . . . . . . Builder 10 | . 1 . . . . . . . . . . . . 2 . . . . . 1 . . . 1 . 5 Tunneler 2 | 2 . . . . . . . . . . . . . . . . . . . . . . . . . . Hauler 4 | . . . . . 2 . . . . . . . . 2 . . . . . . . . . . . . Recycler 10 | . . . . . . . . 1 . . . . . 2 . . . . . 4 . . . 2 1 . Carrier 1 | . . . . . . . . . . . . . . 1 . . . . . . . . . . . . Mechanic 1 | . . . . . . . . . . 1 . . . . . . . . . . . . . . . . Operator 4 | . . . . . . . . . . . . . . . . . . . . 1 . . 1 . . 2 Watcher 8 | . . . . . 2 . . 1 . . . . . . . . . . . 1 . . 2 . 1 1 Swarmer 38 | . 6 6 . . 4 . . . . 4 . . 4 . 5 6 . 2 . 1 . . . . . . Saboteur 3 | . . . . . . . . . . . . . . 1 . . . . . . . . . 2 . . Grunt 102 | . 6 . . 4 12 . 4 4 . 7 . . . 11 . 3 . 1 . 3 1 . 9 13 4 20 Brawler 9 | . . . . 1 1 . . . . 2 . . . 2 . 1 . . . . . . 1 1 . . Duelist 6 | . . . . . . . . . . 2 . . . . . 1 . . . . . . . 1 . 2 Protector 4 | . . . . . . . . . . . . . . 2 . . . . . . . . 2 . . . Researcher 4 | . . . . . . . . . . . . . . . . . . . . . . . . . 1 3 Sentry 24 | . . . . . 5 . . 1 1 1 . . . 1 1 1 . 1 1 4 . 1 . 1 . 5 Specialist 6 | . . . . . . . . . . . . . . 3 . . . . . . . . 2 . . 1 Hunter 15 | . . . . . 1 . . . 1 . . . . 6 3 1 . . . 1 . . . . . 2 Programmer 25 | . . . . . . . . 3 . . . . . 6 . 2 . . . . . . . 4 3 7 Heavy 3 | . . . . . . . 1 . . . . . . . . . . . . . . . 1 . . 1 Behemoth 3 | . . . . . . . . . . . . . 1 . . 1 . . . . . . 1 . . . S7 Guard 1 | . . . . . . . . . . . . . . . . . . . . . . . . . . 1 Lightning 2 | . . . . . . . . . . . . . . . . . . . . . . . 2 . . . Executioner 1 | . . . . . . . . . . . . . . . . . . . . . . . . . . 1 Fortress 1 | . . . . . . . . . . . . . . . . . . . . . . . . . 1 . Zionite 1 | . . 1 . . . . . . . . . . . . . . . . . . . . . . . . Z-Light 8 | . . . . . . . . . . . . 8 . . . . . . . . . . . . . . Thug 1 | . . . . . . . . . . . . 1 . . . . . . . . . . . . . . Butcher 2 | . . . . . . . . . . . . 1 . . . . . . . . 1 . . . . . Guerrilla 1 | . . . . . . . . . . . . . . . . . . . . . 1 . . . . . Best Kill Streak 20 | 1 8 3 . 5 6 . 4 2 1 13 . 5 4 20 6 7 . 3 1 4 1 1 4 10 5 8 Combat Bots Only 13 | . 7 3 . 5 5 . 4 2 1 12 . 5 4 13 6 7 . 3 1 2 1 1 4 10 4 6 Max Kills in Single Turn 7 | 1 2 4 . 2 2 . 2 1 1 5 . 3 3 7 2 4 . 1 1 4 2 1 3 2 2 6 Gunslinging 1 | . 1 . . . . . . . . . . . . . . . . . . . . . . . . . Exploded 5 | . . 3 . 2 . . 2 . . 4 . 2 2 5 2 4 . . . 2 . . 3 1 1 2 Melee . | . . . . . . . . . . . . . . . . . . . . . . . . . . . Uniques/NPCs Destroyed 1 | . . . . . . . . . . . . 1 . . . . . . . . . . . . . . Z-Imprinter (-6/Deep Caves) Combat | -11 -10 -10 -10 -9 -8 -7 -7 -6 -6 -6 -6 -6 -5 -5 -5 -5 -5 -4 -4 -4 -4 -4 -4 -3 -3 -3 -------- Run | Jun Mat Min Exi Min Mat Fac DSF Fac Low Low Zio Dee Pro Fac Upp Upp Zhi Pro Fac Ext Cet Arc Hub Res Qua Sec Damage Taken 15123 | . 407 42 . 147 1612 . 123 1245 201 925 . 306 415 1506 540 438 . 137 . 1094 56 11 545 1676 771 2926 Core 2031 | . 84 23 . 48 161 . 19 108 27 136 . . . 253 46 35 . 37 . 26 13 . 70 272 246 427 Absorbed by Shields 2237 | . . . . . 158 . . . . . . . . 239 . . . . . 73 60 12 354 291 . 1050 Reduced by Siege Mode 114 | . . . . . . . . . . . . . . 5 . . . . . 55 . . . 6 . 48 Redirected to Core 220 | . . . . . . . . . . . . . . . . . . . . . . . . . 197 23 Redirected to Shielding 151 | . . . . . . . . . . . . . . . . . . . . 151 . . . . . . Regen/Repaired (Parts) 932 | . . . . . . . . . . . . . . . . . . . . . . . . . . 932 Core Remaining (%) 75 | 100 . . . 38 70 . 97 . . . . . 68 . . . . 62 . . . . 90 . . . Volleys Fired 665 | 9 40 2 . 6 98 . 5 37 4 19 . 8 10 51 17 40 4 7 1 40 4 5 49 54 24 131 Largest 2 | 2 2 2 . 2 2 . 2 2 2 2 . 2 2 2 2 2 1 2 2 2 2 2 2 2 2 2 Hottest 300 | 60 88 60 . 68 136 . 180 180 180 180 . . 180 175 140 140 7 140 140 140 140 140 140 140 300 300 Shots Fired 1202 | 18 78 4 . 10 174 . 10 72 8 36 . 16 20 100 30 52 4 14 2 79 7 10 87 103 40 228 Gun 163 | 18 69 . . . 76 . . . . . . . . . . . . . . . . . . . . . Cannon 874 | . 9 . . 2 98 . 8 72 8 23 . . 16 84 19 17 . 14 2 79 6 10 70 86 36 215 Launcher 119 | . . 4 . 8 . . 2 . . 13 . . . . 7 35 . . . . 1 . 15 17 4 13 Special 46 | . . . . . . . . . . . . 16 4 16 4 . 4 . . . . . 2 . . . Kinetic 743 | 9 41 . . . 123 . . . . . . . . 37 19 17 . 14 2 79 6 10 70 86 33 197 Thermal 281 | 9 37 . . 2 38 . 8 72 8 23 . . 16 47 . . . . . . . . . . 3 18 Explosive 90 | . . 4 . 8 . . 2 . . 13 . 16 4 16 8 2 . . . . 1 . 9 7 . . Electromagnetic 82 | . . . . . 13 . . . . . . . . . 3 33 . . . . . . 6 10 4 13 Robot Hit Streak 20 | 3 8 1 . 7 15 . 10 12 5 10 . 4 16 17 7 4 3 4 4 16 5 8 9 18 10 20 Robot Miss Streak 8 | 4 3 1 . 2 8 . 1 2 1 2 . 3 1 2 4 3 1 2 . 2 1 1 4 6 1 5 Penetration Max 1 | . . . . . 1 . . . . . . . . . . . . . . . . . . . 1 1 Secondary Targets 2 | . 1 . . . 1 . . . . . . . . . . . . . . . . . . . . . Max Gunslinging Chain 1 | . 1 . . . 1 . . . . . . . . . . . . . . . . . . . . . Shots Hit Robots 780 | 10 45 2 . 7 129 . 9 46 5 22 . 8 16 66 17 11 3 7 2 62 6 9 43 65 28 162 Core Hits 553 | 2 19 10 . 10 74 . 11 15 3 46 . 23 6 60 11 26 . 4 2 25 6 2 53 53 11 81 Critical Kills 10 | . 1 . . . 1 . . . . . . . . . . . . . . . . . . . 1 7 Critical Parts Destroyed 9 | . . . . . . . . . . . . . . . . . . . . . . . . . 4 5 Critical Strikes 74 | . 1 . . . 1 . . . . . . 3 . 5 1 . . 1 . 4 1 . 3 9 7 38 Destroy 21 | . 1 . . . 1 . . . . . . . . . . . . . . . . . . . 5 14 Blast 48 | . . . . . . . . . . . . . . 3 1 . . 1 . 4 1 . 3 9 2 24 Sever 5 | . . . . . . . . . . . . 3 . 2 . . . . . . . . . . . . Melee Attacks 35 | . . . . . . . . . . . 5 . . 7 . . . . . . . . 1 4 5 13 Kinetic 14 | . . . . . . . . . . . . . . . . . . . . . . . . . 3 11 Impact 12 | . . . . . . . . . . . 5 . . 7 . . . . . . . . . . . . Slashing 9 | . . . . . . . . . . . . . . . . . . . . . . . 1 4 2 2 Piercing . | . . . . . . . . . . . . . . . . . . . . . . . . . . . Sneak Attacks 3 | . . . . . . . . . . . . . . . . . . . . . . . . . 1 2 Combat Hostiles . | . . . . . . . . . . . . . . . . . . . . . . . . . . . Follow-up Attacks . | . . . . . . . . . . . . . . . . . . . . . . . . . . . Damage Inflicted 48249 | 129 561 429 . 523 2560 . 652 1856 230 2619 . 2033 1079 7155 1153 1742 . 402 117 3804 579 514 3126 3875 2476 10635 Guns 1707 | 129 478 . . . 1100 . . . . . . . . . . . . . . . . . . . . . Cannons 28540 | . 83 . . 20 1460 . 352 1658 230 639 . . 751 2779 493 480 . 402 117 3317 311 514 1724 2474 1864 8872 Explosions 16596 | . . 429 . 503 . . 300 198 . 1980 . 1640 268 4022 582 1262 . . . 487 268 . 1402 1401 428 1426 Melee 521 | . . . . . . . . . . . . . . . . . . . . . . . . . 184 337 Ramming . | . . . . . . . . . . . . . . . . . . . . . . . . . . . Kinetic 20028 | 73 266 . . . 1749 . . . . . . . . 1628 493 480 . 402 117 3317 311 514 1724 2474 721 5759 Thermal 12768 | 56 295 . . 20 612 . 352 1856 230 639 . . 751 2531 . 47 . . . 487 . . 36 . 1200 3656 Explosive 10276 | . . 429 . 503 . . 300 . . 1980 . 1640 268 2642 527 339 . . . . 268 . 848 532 . . Electromagnetic 4165 | . . . . . 199 . . . . . . . . . 55 876 . . . . . . 518 869 428 1220 Impact . | . . . . . . . . . . . . . . . . . . . . . . . . . . . Slashing 1012 | . . . . . . . . . . . . 393 60 354 78 . . . . . . . . . 127 . Piercing . | . . . . . . . . . . . . . . . . . . . . . . . . . . . Highest Corruption 9 | . 1 1 1 1 9 . . 2 2 2 2 1 1 . 1 . . . . . . . . . . 3 Average Corruption 2 | . 1 1 1 1 8 . . 1 2 2 2 1 1 . 1 . . . . . . . . . . 2 Corruption Purged . | . . . . . . . . . . . . . . . . . . . . . . . . . . . Corruption Blocked . | . . . . . . . . . . . . . . . . . . . . . . . . . . . Effects 113 | . 3 1 1 . 38 . . 8 14 20 3 6 8 . . . . . . . . . . . . 11 Message Errors 31 | . 2 . . . 12 . . . 1 6 1 4 1 . . . . . . . . . . . . 4 Matter Fused 23 | . 1 . . . 8 . . 1 6 1 1 . 4 . . . . . . . . . . . . 1 Heat Flow Errors 18 | . . . . . 4 . . 1 3 6 . 1 1 . . . . . . . . . . . . 2 Energy Discharges 15 | . . 1 1 . 5 . . 3 1 3 . . . . . . . . . . . . . . . 1 Parts Fused 1 | . . . . . . . . . . 1 . . . . . . . . . . . . . . . . Data Loss (minor) 10 | . . . . . 2 . . . 2 2 . 1 2 . . . . . . . . . . . . 1 Data Loss (major) 6 | . . . . . 2 . . . 1 1 1 . . . . . . . . . . . . . . 1 Misfires 3 | . . . . . 2 . . 1 . . . . . . . . . . . . . . . . . . Alerts 3 | . . . . . 1 . . 2 . . . . . . . . . . . . . . . . . . Weapon Failures 3 | . . . . . 2 . . . . . . . . . . . . . . . . . . . . 1 Overload Shots 43 | . . . . . . . 6 14 4 11 . . 8 . . . . . . . . . . . . . Effects 4 | . . . . . . . 1 1 . 1 . . 1 . . . . . . . . . . . . . Energy Bleed 2 | . . . . . . . 1 1 . . . . . . . . . . . . . . . . . . Heat Surge 2 | . . . . . . . . . . 1 . . 1 . . . . . . . . . . . . . Overflow Damage 3257 | . . . . . 18 . 36 231 . 90 . 65 . 317 70 63 . 47 . 243 . . 6 248 771 1052 Projectiles 2474 | . . . . . 18 . 36 116 . 4 . 18 . 57 33 53 . 47 . 194 . . 6 185 771 936 Explosions 683 | . . . . . . . . 115 . 86 . 47 . 260 37 10 . . . 49 . . . 63 . 16 Melee 100 | . . . . . . . . . . . . . . . . . . . . . . . . . . 100 Knockbacks 103 | . . . . . 19 . . . . . . . . 1 1 3 . 1 . 9 1 . 8 21 3 36 Impact . | . . . . . . . . . . . . . . . . . . . . . . . . . . . Kinetic 91 | . . . . . 15 . . . . . . . . 1 1 3 . 1 . 9 1 . 8 17 3 32 Secondary 12 | . . . . . 4 . . . . . . . . . . . . . . . . . . 4 . 4 Self-Inflicted Damage 1217 | . . 33 . 40 . . . 162 . 50 . . . . 102 44 . . . 51 63 . 171 375 28 98 Shots 41 | . . 2 . 3 . . . 2 . 2 . . . . 5 2 . . . 1 1 . 2 12 3 6 Rammed . | . . . . . . . . . . . . . . . . . . . . . . . . . . . Targets Rammed . | . . . . . . . . . . . . . . . . . . . . . . . . . . . Kicked . | . . . . . . . . . . . . . . . . . . . . . . . . . . . Crushed . | . . . . . . . . . . . . . . . . . . . . . . . . . . . Highest Temperature 367 | . 260 15 . 87 367 . . 234 257 253 . 246 352 29 42 144 . 172 36 178 . . 32 170 292 228 Average Temperature 83 | . 77 10 . 49 130 . . 68 73 85 . 138 184 11 31 30 . 95 27 64 . . 12 38 100 70 Received Heat Transfer 3564 | . 147 . . 60 777 . 81 462 105 198 . 81 60 245 45 39 . 18 . 190 4 . 40 295 144 573 Effects 11 | . 3 . . . 5 . . . . . . . 3 . . . . . . . . . . . . . Energy Bleed 4 | . 1 . . . 2 . . . . . . . 1 . . . . . . . . . . . . . Interference 5 | . 2 . . . 3 . . . . . . . . . . . . . . . . . . . . . Matter Decay 2 | . . . . . . . . . . . . . 2 . . . . . . . . . . . . . Siege Activations 8 | . . . . . . . . . . . . . . 2 1 . . . . 1 . . . 1 . 3 Total Turns 107 | . . . . . . . . . . . . . . 13 2 . . . . 28 . . . 5 . 59 Longest Duration 33 | . . . . . . . . . . . . . . 8 2 . . . . 28 . . . 5 . 33 Robots Corrupted 10 | . . . . . . . . . . . . . . . . 4 . . . . . . . 4 1 1 Combat Hostiles 10 | . . . . . . . . . . . . . . . . 4 . . . . . . . 4 1 1 Parts Fried 23 | . . . . . . . . . . . . . . . . 4 . . . . . . 4 9 3 3 Impact Corruptions 2 | . . . . . . . . . . . . . . . . . . . . . . . . 1 . 1 Robots Melted 1 | . . . . . . . . . . . . . . 1 . . . . . . . . . . . . Combat Hostiles 1 | . . . . . . . . . . . . . . 1 . . . . . . . . . . . . Parts Melted 19 | . 1 . . . 5 . . . 1 3 . . 5 4 . . . . . . . . . . . . Heat Transferred 8504 | 125 623 . . 37 1036 . 337 1919 250 724 . . 700 2253 . 50 . . . 300 . . . . . 150 Parts Sabotaged . | . . . . . . . . . . . . . . . . . . . . . . . . . . . Parts Stolen . | . . . . . . . . . . . . . . . . . . . . . . . . . . . Parts Stripped . | . . . . . . . . . . . . . . . . . . . . . . . . . . . Power Chain Reactions 8 | . . . . . . . . . . . . . . . . 4 . . . . . . 1 1 . 2 Missiles Intercepted . | . . . . . . . . . . . . . . . . . . . . . . . . . . . Alert | -11 -10 -10 -10 -9 -8 -7 -7 -6 -6 -6 -6 -6 -5 -5 -5 -5 -5 -4 -4 -4 -4 -4 -4 -3 -3 -3 ------- Run | Jun Mat Min Exi Min Mat Fac DSF Fac Low Low Zio Dee Pro Fac Upp Upp Zhi Pro Fac Ext Cet Arc Hub Res Qua Sec Peak Influence 1568 | 10 317 297 . 159 317 111 205 182 . . . . . 1018 . . . . 90 493 757 427 1568 1099 780 1485 Initial 822 | . 6 76 . . 61 111 77 107 . . . . . 18 . . . . . 44 276 302 149 822 600 368 Average 436 | 2 184 141 . 137 151 111 155 79 . . . . . 491 . . . . 39 178 541 416 930 919 644 831 Maximum Alert Level 4 | . 1 1 . . 1 . 1 . . . . . . 3 . . . . . 2 3 2 4 3 3 4 Low Security (%) 41 | 100 65 86 . 100 68 100 46 100 . . . . . 31 . . . . 100 66 . . 3 . . . Level 1 14 | . 34 13 . . 31 . 53 . . . . . . 21 . . . . . 17 10 10 7 . . 17 Level 2 17 | . . . . . . . . . . . . . . 3 . . . . . 15 53 89 16 6 80 28 Level 3 21 | . . . . . . . . . . . . . . 43 . . . . . . 35 . 39 93 19 24 Level 4 5 | . . . . . . . . . . . . . . . . . . . . . . . 32 . . 30 Level 5 . | . . . . . . . . . . . . . . . . . . . . . . . . . . . High Security . | . . . . . . . . . . . . . . . . . . . . . . . . . . . Max Security . | . . . . . . . . . . . . . . . . . . . . . . . . . . . Squads Dispatched 48 | . 5 . . . 7 . 1 8 . 1 . . . 4 . . . . . . . . 6 3 2 11 Investigation 7 | . 2 . . . 3 . . 2 . . . . . . . . . . . . . . . . . . Extermination 8 | . . . . . . . . 3 . . . . . 1 . . . . . . . . . 1 1 2 Reinforcement 20 | . 3 . . . 1 . 1 3 . . . . . 3 . . . . . . . . 4 . . 5 Assault 9 | . . . . . . . . . . 1 . . . . . . . . . . . . 1 2 1 4 Garrison 4 | . . . . . 3 . . . . . . . . . . . . . . . . . 1 . . . Intercept . | . . . . . . . . . . . . . . . . . . . . . . . . . . . Searches Triggered . | . . . . . . . . . . . . . . . . . . . . . . . . . . . Construction Impeded 2 | . . . . . . . . . . . . . . . . . . . . . . . 1 . . 1 Haulers Reinforced 1 | . . . . . . . . . . . . . . . . . . . . . . . . . . 1 Active Scanning Responses . | . . . . . . . . . . . . . . . . . . . . . . . . . . . Cargo Convoy Interrupts 1 | . . . . . . . . . . . . . . 1 . . . . . . . . . . . . Stealth | -11 -10 -10 -10 -9 -8 -7 -7 -6 -6 -6 -6 -6 -5 -5 -5 -5 -5 -4 -4 -4 -4 -4 -4 -3 -3 -3 --------- Run | Jun Mat Min Exi Min Mat Fac DSF Fac Low Low Zio Dee Pro Fac Upp Upp Zhi Pro Fac Ext Cet Arc Hub Res Qua Sec Distress Signals 19 | . 3 . . . 3 . . . . . . . . 2 . . . . . 4 1 1 2 1 . 2 Communications Jammed . | . . . . . . . . . . . . . . . . . . . . . . . . . . . Distress Signals . | . . . . . . . . . . . . . . . . . . . . . . . . . . . Times Spotted 358 | . 21 6 . 6 32 . 5 13 6 22 . 14 5 36 9 14 . 4 1 19 11 4 29 27 12 62 Peak Tracking Total 13 | . 9 3 . 5 4 . 4 3 4 13 . 4 4 8 5 4 . 3 1 4 5 2 5 7 5 5 Tactical Retreats 13 | . . . . . 1 . . 1 . . . . . . . 2 . . . . . . . 2 1 6 Traps | -11 -10 -10 -10 -9 -8 -7 -7 -6 -6 -6 -6 -6 -5 -5 -5 -5 -5 -4 -4 -4 -4 -4 -4 -3 -3 -3 ------- Run | Jun Mat Min Exi Min Mat Fac DSF Fac Low Low Zio Dee Pro Fac Upp Upp Zhi Pro Fac Ext Cet Arc Hub Res Qua Sec Traps Triggered 8 | . 2 . . . 2 . . 1 . . . . . . . . . . . 1 . . 1 . 1 . Indirectly 1 | . . . . . . . . . . . . . . . . . . . . . . . . . 1 . Trap Hack Attempts . | . . . . . . . . . . . . . . . . . . . . . . . . . . . Triggered . | . . . . . . . . . . . . . . . . . . . . . . . . . . . Disarmed 4 | . . . . . . . . . . . . . . . . . . . . 4 . . . . . . Reprogrammed . | . . . . . . . . . . . . . . . . . . . . . . . . . . . Reused . | . . . . . . . . . . . . . . . . . . . . . . . . . . . Traps Extracted . | . . . . . . . . . . . . . . . . . . . . . . . . . . . Installed . | . . . . . . . . . . . . . . . . . . . . . . . . . . . Triggered 5 | . . . . . . . . . 1 . . . . . . 1 . 3 . . . . . . . . Machines | -11 -10 -10 -10 -9 -8 -7 -7 -6 -6 -6 -6 -6 -5 -5 -5 -5 -5 -4 -4 -4 -4 -4 -4 -3 -3 -3 ---------- Run | Jun Mat Min Exi Min Mat Fac DSF Fac Low Low Zio Dee Pro Fac Upp Upp Zhi Pro Fac Ext Cet Arc Hub Res Qua Sec Machines Disabled 84 | . 1 3 . 1 3 . . 4 . . . 1 . 19 1 1 . . . 2 7 2 12 3 9 15 Max in Single Turn 10 | . 1 2 . 1 1 . . 2 . . . . . 10 1 1 . . . 2 1 . 3 1 1 2 Garrison Access 1 | . . . . . . . . . . . . . . . . . . . . . . . 1 . . . Network Hub 2 | . . . . . . . . . . . . . . . . . . . . . . . 2 . . . Energy Cycler 1 | . . . . . . . . . . . . . . . . . . . . 1 . . . . . . Machines Repaired . | . . . . . . . . . . . . . . . . . . . . . . . . . . . Machines Sabotaged . | . . . . . . . . . . . . . . . . . . . . . . . . . . . Overloaded Fab Kills . | . . . . . . . . . . . . . . . . . . . . . . . . . . . Hacking | -11 -10 -10 -10 -9 -8 -7 -7 -6 -6 -6 -6 -6 -5 -5 -5 -5 -5 -4 -4 -4 -4 -4 -4 -3 -3 -3 --------- Run | Jun Mat Min Exi Min Mat Fac DSF Fac Low Low Zio Dee Pro Fac Upp Upp Zhi Pro Fac Ext Cet Arc Hub Res Qua Sec Machines Accessed 70 | . 3 . 1 . 5 1 . 9 1 2 . . . 6 5 . 7 . 2 9 3 1 2 4 3 6 Terminals 38 | . 2 . . . 2 1 . 5 . . . . . 1 1 . . . 2 9 3 . 1 3 2 6 Fabricators 3 | . . . . . . . . 1 . . . . . 2 . . . . . . . . . . . . Repair Stations 2 | . . . . . . . . 2 . . . . . . . . . . . . . . . . . . Recycling Units 3 | . 1 . . . 1 . . . . . . . . 1 . . . . . . . . . . . . Scanalyzers 4 | . . . . . 1 . . 1 . . . . . 1 . . . . . . . . . . 1 . Garrison Access 4 | . . . . . 1 . . . . . . . . 1 . . . . . . . . 1 1 . . Total Hacks 237 | . 5 . 2 . 19 1 . 29 1 4 . . . 20 14 . 22 . 4 16 9 25 4 19 13 30 Successful 155 | . 3 . 2 . 12 1 . 9 1 4 . . . 12 14 . 22 . 3 8 5 25 2 9 7 16 Failed 82 | . 2 . . . 7 . . 20 . . . . . 8 . . . . 1 8 4 . 2 10 6 14 Catastrophic 18 | . . . . . 3 . . 7 . . . . . 2 . . . . . . . . . 2 . 4 Database Lockouts . | . . . . . . . . . . . . . . . . . . . . . . . . . . . Manual 76 | . 4 . . . 8 . . 17 . . . . . 7 . . . . 2 5 1 1 2 12 4 13 Terminals 126 | . 4 . . . 6 1 . 22 . . . . . 6 2 . . . 4 16 9 . 2 18 6 30 Fabricators 7 | . . . . . . . . 1 . . . . . 6 . . . . . . . . . . . . Repair Stations 5 | . . . . . . . . 5 . . . . . . . . . . . . . . . . . . Recycling Units 6 | . 1 . . . 4 . . . . . . . . 1 . . . . . . . . . . . . Scanalyzers 22 | . . . . . 8 . . 1 . . . . . 6 . . . . . . . . . . 7 . Garrison Access 5 | . . . . . 1 . . . . . . . . 1 . . . . . . . . 2 1 . . Terminal Hacks 108 | . . . 2 . 1 1 . 4 1 4 . . . 2 14 . 22 . 1 7 5 25 . 6 1 12 Record 63 | . . . 2 . . . . 1 . 3 . . . . 12 . 10 . . . 4 25 . . 1 5 Part Schematic 4 | . . . . . . . . . . . . . . . . . 4 . . . . . . . . . Robot Analysis 5 | . . . . . . . . . . . . . . . . . 4 . 1 . . . . . . . Prototype ID Bank 5 | . . . . . . . . . . . . . . . . . 4 . . . . . . 1 . . Open Door 12 | . . . . . . . . . 1 1 . . . . 2 . . . . 6 1 . . . . 1 Open DSF 1 | . . . . . . 1 . . . . . . . . . . . . . . . . . . . . Branch Access Points 4 | . . . . . 1 . . 1 . . . . . 1 . . . . . . . . . 1 . . Alert Level 1 | . . . . . . . . . . . . . . . . . . . . . . . . 1 . . Unreport Threat 2 | . . . . . . . . . . . . . . . . . . . . . . . . 1 . 1 Locate Traps 1 | . . . . . . . . . . . . . . . . . . . . . . . . . . 1 Disarm Traps 1 | . . . . . . . . . . . . . . . . . . . . 1 . . . . . . Security Status 2 | . . . . . . . . . . . . . . . . . . . . . . . . 1 . 1 Hauler Manifests 1 | . . . . . . . . . . . . . . . . . . . . . . . . . . 1 Registered Prototypes 1 | . . . . . . . . 1 . . . . . . . . . . . . . . . . . . Zone Layout 5 | . . . . . . . . 1 . . . . . 1 . . . . . . . . . 1 . 2 Fabricator Hacks 1 | . . . . . . . . . . . . . . 1 . . . . . . . . . . . . Load Schematic 1 | . . . . . . . . . . . . . . 1 . . . . . . . . . . . . Repair Station Hacks 2 | . . . . . . . . 2 . . . . . . . . . . . . . . . . . . Scan Component 2 | . . . . . . . . 2 . . . . . . . . . . . . . . . . . . Recycling Unit Hacks 1 | . . . . . . . . . . . . . . 1 . . . . . . . . . . . . Retrieve Components 1 | . . . . . . . . . . . . . . 1 . . . . . . . . . . . . Scanalyzer 17 | . . . . . 8 . . . . . . . . 4 . . . . . . . . . . 5 . Insert Component 7 | . . . . . 4 . . . . . . . . 1 . . . . . . . . . . 2 . Analyze 10 | . . . . . 4 . . . . . . . . 3 . . . . . . . . . . 3 . Garrison Access Hacks 1 | . . . . . . . . . . . . . . . . . . . . . . . 1 . . . Seal Access 1 | . . . . . . . . . . . . . . . . . . . . . . . 1 . . . Unauthorized Hacks 25 | . 3 . . . 3 . . 3 . . . . . 4 . . . . 2 1 . . 1 3 1 4 Terminals 19 | . 2 . . . 1 . . 3 . . . . . 2 . . . . 2 1 . . 1 2 1 4 Assimilate 1 | . . . . . . . . . . . . . . 1 . . . . . . . . . . . . Botnet 18 | . 2 . . . 1 . . 3 . . . . . 1 . . . . 2 1 . . 1 2 1 4 Fabricators 1 | . . . . . . . . . . . . . . 1 . . . . . . . . . . . . Fabnet 1 | . . . . . . . . . . . . . . 1 . . . . . . . . . . . . Repair Stations . | . . . . . . . . . . . . . . . . . . . . . . . . . . . Recycling Units 2 | . 1 . . . 1 . . . . . . . . . . . . . . . . . . . . . Tunnel 2 | . 1 . . . 1 . . . . . . . . . . . . . . . . . . . . . Scanalyzers . | . . . . . . . . . . . . . . . . . . . . . . . . . . . Garrison Access 3 | . . . . . 1 . . . . . . . . 1 . . . . . . . . . 1 . . Reprogram 3 | . . . . . 1 . . . . . . . . 1 . . . . . . . . . 1 . . Data Cores Recovered 2 | . . . . . . . . . . . . . . . . . . . . . . . 1 . . 1 Used . | . . . . . . . . . . . . . . . . . . . . . . . . . . . Hacking Detections 44 | . 2 . . . 4 . . 9 . . . . . 5 1 . . . 2 6 2 . 2 4 2 5 Full Trace Events 1 | . . . . . . . . 1 . . . . . . . . . . . . . . . . . . Feedback Events . | . . . . . . . . . . . . . . . . . . . . . . . . . . . Feedback Blocked . | . . . . . . . . . . . . . . . . . . . . . . . . . . . Robot Schematics Acquired 3 | . . . . . . . . . . . . . . . . . . . . . . . . . 2 1 Robots Built . | . . . . . . . . . . . . . . . . . . . . . . . . . . . Authchips . | . . . . . . . . . . . . . . . . . . . . . . . . . . . Time . | . . . . . . . . . . . . . . . . . . . . . . . . . . . Total Robot Build Rating . | . . . . . . . . . . . . . . . . . . . . . . . . . . . Part Schematics Acquired 14 | . . . . . 4 . . . . . . . . 1 . . 4 . . . . . . . 2 3 Parts Built . | . . . . . . . . . . . . . . . . . . . . . . . . . . . Authchips . | . . . . . . . . . . . . . . . . . . . . . . . . . . . Time . | . . . . . . . . . . . . . . . . . . . . . . . . . . . Total Part Build Rating . | . . . . . . . . . . . . . . . . . . . . . . . . . . . Parts Repaired . | . . . . . . . . . . . . . . . . . . . . . . . . . . . Time . | . . . . . . . . . . . . . . . . . . . . . . . . . . . Parts Recycled . | . . . . . . . . . . . . . . . . . . . . . . . . . . . Recycled Matter . | . . . . . . . . . . . . . . . . . . . . . . . . . . . Retrieved Matter . | . . . . . . . . . . . . . . . . . . . . . . . . . . . Retrieved Components 6 | . . . . . . . . . . . . . . 6 . . . . . . . . . . . . Parts Scanalyzed 6 | . . . . . 4 . . . . . . . . 1 . . . . . . . . . . 1 . Part Schematics Acquired 6 | . . . . . 4 . . . . . . . . 1 . . . . . . . . . . 1 . Parts Damaged 1 | . . . . . . . . . . . . . . 1 . . . . . . . . . . . . Bothacking | -11 -10 -10 -10 -9 -8 -7 -7 -6 -6 -6 -6 -6 -5 -5 -5 -5 -5 -4 -4 -4 -4 -4 -4 -3 -3 -3 ------------ Run | Jun Mat Min Exi Min Mat Fac DSF Fac Low Low Zio Dee Pro Fac Upp Upp Zhi Pro Fac Ext Cet Arc Hub Res Qua Sec Used RIF Installer . | . . . . . . . . . . . . . . . . . . . . . . . . . . . Robots Hacked 5 | . . . . . . . . . . . . . . . . . 3 . . . . . . . . 2 Non-combat . | . . . . . . . . . . . . . . . . . . . . . . . . . . . Combat 5 | . . . . . . . . . . . . . . . . . 3 . . . . . . . . 2 Robot Hacks Applied 3 | . . . . . . . . . . . . . . . . . 3 . . . . . . . . . parse_system 3 | . . . . . . . . . . . . . . . . . 3 . . . . . . . . . Relay Couplers Released . | . . . . . . . . . . . . . . . . . . . . . . . . . . . Fabnet Peak Effective % 3 | . . . . . . . . . . . . . . . . . . 3 3 3 3 3 3 1 1 1 Autooverrided 2 | . . . . . . . . . . . . . . . . . . . . . . . . . . 2 Robots Rewired 18 | . . . . . . . . . . 2 . . . . . 1 . . . 14 . . 1 . . . Allies Hacked . | . . . . . . . . . . . . . . . . . . . . . . . . . . . Hacks Repelled . | . . . . . . . . . . . . . . . . . . . . . . . . . . . Allies | -11 -10 -10 -10 -9 -8 -7 -7 -6 -6 -6 -6 -6 -5 -5 -5 -5 -5 -4 -4 -4 -4 -4 -4 -3 -3 -3 -------- Run | Jun Mat Min Exi Min Mat Fac DSF Fac Low Low Zio Dee Pro Fac Upp Upp Zhi Pro Fac Ext Cet Arc Hub Res Qua Sec Total Allies 46 | . . 2 . . 3 . . . . 5 4 . . 1 . 1 . . . 21 4 . 1 . . 4 Largest Group 15 | . . 2 1 . 3 . . . . 5 6 6 3 1 . 1 1 1 . 15 15 13 8 . . 2 Highest-Rated Group 980 | . . 56 31 . 48 . . . . 142 184 184 77 10 . 29 29 29 . 751 980 891 523 . . 192 Highest-Rated Ally 159 | . . 31 31 . 16 . . . . 31 51 51 29 10 . 29 29 29 . 159 159 159 109 . . 137 Total Orders 35 | . . . . . . . . . . . . . . . . 11 . 6 3 11 . . 4 . . . STAY 2 | . . . . . . . . . . . . . . . . . . . . . . . 2 . . . FOLLOW 1 | . . . . . . . . . . . . . . . . . . . . . . . 1 . . . GUARD 1 | . . . . . . . . . . . . . . . . . . . . . . . 1 . . . EXPLORE 20 | . . . . . . . . . . . . . . . . 8 . 3 2 7 . . . . . . RETURN 11 | . . . . . . . . . . . . . . . . 3 . 3 1 4 . . . . . . Ally Attacks 373 | . . 1 . . 10 . . . . 17 . 51 5 . . . . 3 . 63 70 29 101 . . 23 Total Damage 10527 | . . . . . 123 . . . . 329 . 715 60 . . . . 38 . 1835 2684 857 3147 . . 739 Kills 58 | . . . . . 1 . . . . 3 . 11 1 . . . . . . 14 12 3 13 . . . Allies Corrupted 1 | . . . . . . . . . . . . . . . . . . . . . . . 1 . . . Allies Melted 1 | . . . . . 1 . . . . . . . . . . . . . . . . . . . . . Intel | -11 -10 -10 -10 -9 -8 -7 -7 -6 -6 -6 -6 -6 -5 -5 -5 -5 -5 -4 -4 -4 -4 -4 -4 -3 -3 -3 ------- Run | Jun Mat Min Exi Min Mat Fac DSF Fac Low Low Zio Dee Pro Fac Upp Upp Zhi Pro Fac Ext Cet Arc Hub Res Qua Sec Robot Analysis Total 5 | . . . . . . . . . . . . . . . . . 4 . 1 . . . . . . . Derelict Logs Recovered 11 | . . . . . . . . . 1 2 1 . 1 . 1 2 . 3 . . . . . . . . Drone Launches 28 | . . . . . . . . . . . . . . . . 10 . 5 2 11 . . . . . . Drone Recoveries 24 | . . . . . . . . . . . . . . . . 8 . 5 2 9 . . . . . . Exploration | -11 -10 -10 -10 -9 -8 -7 -7 -6 -6 -6 -6 -6 -5 -5 -5 -5 -5 -4 -4 -4 -4 -4 -4 -3 -3 -3 ------------- Run | Jun Mat Min Exi Min Mat Fac DSF Fac Low Low Zio Dee Pro Fac Upp Upp Zhi Pro Fac Ext Cet Arc Hub Res Qua Sec Turns Passed 24017 | 114 774 267 512 51 1378 45 345 1770 787 1272 2579 1103 1099 1370 1897 1251 383 543 227 1084 397 300 774 1099 1093 1503 Spaces Moved 12361 | 49 402 252 422 26 614 26 189 1078 507 610 1132 494 619 716 1069 595 217 310 130 526 231 169 385 529 504 560 Core 8 | 6 . . . . . . . . . . . . . 1 . . . . . . . 1 . . . . Treads 9111 | 28 138 . . . 320 26 189 474 507 610 1132 280 . 236 1069 595 217 310 130 526 231 168 385 529 451 560 Legs 75 | 15 60 . . . . . . . . . . . . . . . . . . . . . . . . . Wheels 2371 | . 204 252 422 26 294 . . 604 . . . . 202 314 . . . . . . . . . . 53 . Hover 796 | . . . . . . . . . . . . 214 417 165 . . . . . . . . . . . . Flight . | . . . . . . . . . . . . . . . . . . . . . . . . . . . Fastest Speed 50 | 50 90 90 120 120 105 145 145 120 152 152 225 126 120 105 160 160 160 160 160 160 160 160 160 160 160 135 Average Speed 163 | 134 118 100 120 120 143 145 145 137 152 190 225 209 169 140 168 167 164 160 160 160 160 167 160 160 184 165 Slowest Speed 1350 | 160 160 120 120 120 245 145 145 232 152 232 225 305 196 1000 240 240 240 160 160 240 240 1350 240 160 240 240 Overloaded Moves . | . . . . . . . . . . . . . . . . . . . . . . . . . . . Propulsion Burnouts . | . . . . . . . . . . . . . . . . . . . . . . . . . . . Robots Hopped . | . . . . . . . . . . . . . . . . . . . . . . . . . . . Cave-ins Triggered . | . . . . . . . . . . . . . . . . . . . . . . . . . . . Exploration Rate (%) 54 | 4 51 56 73 11 53 1 91 27 70 74 86 66 70 15 94 86 62 90 11 73 72 97 40 15 48 37 Regions Visited 26 Branch Regions 18 Pre-discovered Areas 10 | . 1 . 1 . 1 . . . . 1 2 . . . . 1 3 . . . . . . . . . Known Exits Taken 20 | . . . . . 1 1 . 1 1 1 1 1 1 1 1 1 1 1 1 1 1 1 1 1 1 . Unknown Exits Taken 5 | 1 1 1 1 1 . . . . . . . . . . . . . . . . . . . . . . Scrap Searched 19 | . . 1 . . . . . . 1 2 3 . . . 5 4 . 3 . . . . . . . . Spaces Dug 75 | . . . . . . . . 5 . . 2 . . 10 . . . . . . . . 22 7 1 28 Terrain Destroyed 1503 | . . 22 . 44 8 . 13 43 3 114 2 97 67 146 103 50 . 7 . 24 . . 428 79 22 231 Melee 16 | . . . . . . . . . . . 2 . . 7 . . . . . . . . 1 2 . 4 Projectile 369 | . . . . . 8 . . 10 3 6 . 3 1 12 8 9 . 7 . 13 . . 22 29 22 216 AOE 1118 | . . 22 . 44 . . 13 33 . 108 . 94 66 127 95 41 . . . 11 . . 405 48 . 11 Terrain Rammed . | . . . . . . . . . . . . . . . . . . . . . . . . . . . Walls Destroyed . | . . . . . . . . . . . . . . . . . . . . . . . . . . . Machines Disabled . | . . . . . . . . . . . . . . . . . . . . . . . . . . . Actions | -11 -10 -10 -10 -9 -8 -7 -7 -6 -6 -6 -6 -6 -5 -5 -5 -5 -5 -4 -4 -4 -4 -4 -4 -3 -3 -3 --------- Run | Jun Mat Min Exi Min Mat Fac DSF Fac Low Low Zio Dee Pro Fac Upp Upp Zhi Pro Fac Ext Cet Arc Hub Res Qua Sec Total 15042 | 73 624 261 429 35 943 34 255 1295 514 683 1161 547 646 977 1134 817 245 348 147 711 252 181 472 699 635 924 Wait 819 | . 132 . . . 100 . 38 86 . 13 . . 5 78 11 135 . 27 8 17 2 . 1 64 1 101 Move 12335 | 48 401 251 421 25 613 25 188 1077 506 609 1131 493 618 715 1068 594 216 309 129 525 230 168 384 528 503 560 Hop . | . . . . . . . . . . . . . . . . . . . . . . . . . . . Pick Up 238 | 5 16 3 2 1 43 3 8 23 . 5 9 5 1 24 7 11 3 2 . 7 1 1 3 10 25 20 Fast Attach 153 | 7 4 . . . 15 1 . 9 . 3 1 13 3 19 7 2 8 . 3 3 4 2 6 5 17 21 Attach 116 | . 1 . . 2 14 3 . 7 1 3 . . 4 7 7 10 . 1 2 7 . . 3 10 12 22 Detach 22 | . 1 . 2 . 1 . . 1 . . . . . 6 1 . . . 1 1 . . 1 . 3 4 Swap 226 | 4 11 2 1 1 21 . 7 24 3 7 7 10 3 30 12 11 3 . 1 4 5 1 15 15 10 18 Drop 308 | . 18 3 3 . 38 2 9 31 . 4 8 18 2 40 4 13 11 2 2 3 6 4 9 9 35 34 Fire 665 | 9 40 2 . 6 98 . 5 37 4 19 . 8 10 51 17 40 4 7 1 40 4 5 49 54 24 131 Melee 35 | . . . . . . . . . . . 5 . . 7 . . . . . . . . 1 4 5 13 Ram . | . . . . . . . . . . . . . . . . . . . . . . . . . . . Kick . | . . . . . . . . . . . . . . . . . . . . . . . . . . . Crush . | . . . . . . . . . . . . . . . . . . . . . . . . . . . Escape Stasis 1 | . . . . . . . . . . . . . . . . . . . . 1 . . . . . . Rewire 124 | . . . . . . . . . . 20 . . . . . 1 . . . 103 . . . . . . Trap . | . . . . . . . . . . . . . . . . . . . . . . . . . . . Miscellaneous . | . . . . . . . . . . . . . . . . . . . . . . . . . . . Route ------- -11/Junkyard -10/Materials (discovered 2 exits: [*Mat] / [*Min]) -10/Mines -10/Exiles -9/Mines -8/Materials -7/Factory -7/DSF -6/Factory (discovered 3 exits: *Fac / *Low x2) -6/Lower Caves -6/Lower Caves (discovered 2 exits: *Fac / *Zio) -6/Zion (discovered 2 exits: *Dee / [*Pro]) -6/Deep Caves -5/Proximity Caves -5/Factory (discovered 2 exits: *Upp x2) -5/Upper Caves -5/Upper Caves (discovered 2 exits: *Fac / *Zhi) -5/Zhirov -4/Proximity Caves -4/Factory -4/Extension (discovered 3 exits: *Res x2 / *Cet) -4/Cetus -4/Archives (discovered 3 exits: *Res / *Hub x2) -4/Hub_04(d) -3/Research (discovered 2 exits: *Qua x2) -3/Quarantine (discovered 2 exits: *Res / *Sec) -3/Section 7 (discovered 1 exit: *Res) History --------- Turn | Location | Event 27 | -11/Junkyard | Discovered new exit (range 15) 115 | -11/Junkyard | Entered Materials 285 | -10/Materials | Destroyed 7 combat bots 308 | -10/Materials | Build established: Mutant 757 | -10/Materials | Discovered new exit (range 11) 858 | -10/Materials | Discovered new exit (range 15) 889 | -10/Materials | Entered Mines 1094 | -10/Mines | Deemed a non-threat by the Exiles lab entrance 1096 | -10/Mines | Discovered new exit (range 5) 1156 | -10/Mines | Entered Exiles 1156 | -10/Exiles | Accompanied by 1 ally 1185 | -10/Exiles | Met 8R-AWN 1186 | -10/Exiles | Led the pair of lost Derelicts to a safe place 1206 | -10/Exiles | Met EX-HEX 1253 | -10/Exiles | Met EX-DEC 1264 | -10/Exiles | Learned location of Zion (-6) 1284 | -10/Exiles | Met EX-BIN 1569 | -10/Exiles | Visited The Gauntlet 1653 | -10/Exiles | Discovered new exit (range 14) 1668 | -10/Exiles | Entered Mines 1670 | -9/Mines | Met a Derelict bent on vengeance 1675 | -9/Mines | Core integrity fell below 50% 1679 | -9/Mines | Discovered new exit (range 11) 1719 | -9/Mines | Entered Materials 1719 | -8/Materials | Evolved 4 slots: Utility x4 1995 | -8/Materials | Garrison activated, responded to threat 2042 | -8/Materials | Lost 7 parts (5u2w) 3036 | -8/Materials | Discovered new exit (range 14) 3095 | -8/Materials | Identified exit to Factory 3097 | -8/Materials | Entered Factory 3097 | -7/Factory | Evolved 2 slots: Utility x2 3142 | -7/Factory | Identified exit to DSF 3142 | -7/Factory | Entered DSF 3170 | -7/DSF | Additional patrols routed to DSF 3414 | -7/DSF | Build established: Hacker-Mutant 3427 | -7/DSF | Discovered new exit (range 15) 3447 | -7/DSF | Identified exit to Factory 3487 | -7/DSF | Entered Factory 3487 | -6/Factory | Evolved 2 slots: Utility x2 3651 | -6/Factory | Identified exit to Lower Caves 4304 | -6/Factory | Spotted B-75 Beast 4499 | -6/Factory | Discovered new exit (range 10) 4517 | -6/Factory | Identified exit to Factory 5257 | -6/Factory | Entered Lower Caves 5830 | -6/Lower Caves | Attracted the attention of an 0b10 checkpoint 5852 | -6/Lower Caves | Learned 4 Factory zone layouts 5922 | -6/Lower Caves | Discovered new exit (range 12) 5937 | -6/Lower Caves | Identified exit to Lower Caves 6031 | -6/Lower Caves | Ambushed by wild Derelicts 6044 | -6/Lower Caves | Entered another Lower Caves area 6092 | -6/Lower Caves | Discovered exit to Factory (range 13) 6095 | -6/Lower Caves | Attracted the attention of an 0b10 outpost 6148 | -6/Lower Caves | Destroyed 12 combat bots 6334 | -6/Lower Caves | Build established: Mutant 6443 | -6/Lower Caves | Encountered a Warlord checkpoint 6516 | -6/Lower Caves | A Commander dispatched an escort 6539 | -6/Lower Caves | Learned Research emergency access door positions 6678 | -6/Lower Caves | Learned Factory emergency access door positions 6752 | -6/Lower Caves | Learned Factory trap positions 6991 | -6/Lower Caves | Discovered new exit (range 5) 7000 | -6/Lower Caves | Identified exit to Zion 7316 | -6/Lower Caves | Entered Zion 7316 | -6/Zion | Accompanied by 5 allies 7317 | -6/Zion | Commander's escort returned to base 7317 | -6/Zion | Commander's escort returned to base 7317 | -6/Zion | Commander's escort returned to base 7507 | -6/Zion | Discovered new exit (range 11) 7565 | -6/Zion | System corruption cleaned by Quarantine Array 7733 | -6/Zion | Gained Derelict followers 8386 | -6/Zion | Learned location of Warlord (-4) 8728 | -6/Zion | Found Prototype Special Weapon 8729 | -6/Zion | Identified RU-N14's Throwing Claymores 8735 | -6/Zion | Found RU-N14's Throwing Claymores 8739 | -6/Zion | Found RU-N14's Throwing Claymores 8744 | -6/Zion | Found RU-N14's Throwing Claymores 8796 | -6/Zion | Learned Factory terminal intel 8955 | -6/Zion | Given A8's code to call for help 9879 | -6/Zion | Discovered new exit (range 5) 9881 | -6/Zion | Saw the warning signs outside the Deep Caves entrance 9885 | -6/Zion | Identified exit to Deep Caves 9895 | -6/Zion | Entered Deep Caves 9895 | -6/Deep Caves | Accompanied by 6 allies 10167 | -6/Deep Caves | Z-Facility disabled 10177 | -6/Deep Caves | Attacked by Z-Imprinter 10183 | -6/Deep Caves | Destroyed Z-Imprinter 10417 | -6/Deep Caves | Found Prototype Protection 10417 | -6/Deep Caves | Identified Zio. Weapon Casing 10769 | -6/Deep Caves | Found Prototype Protection 10769 | -6/Deep Caves | Identified Zio. Heavy Carapace 10990 | -6/Deep Caves | Discovered new exit (range 6) 10995 | -6/Deep Caves | Identified exit to Proximity Caves 10998 | -6/Deep Caves | Entered Proximity Caves 10998 | -5/Proximity Caves | Accompanied by 3 allies 11504 | -5/Proximity Caves | Learned Factory stockpile data 11804 | -5/Proximity Caves | Spotted B-75 Beast 11837 | -5/Proximity Caves | Destroyed B-75 Beast 12078 | -5/Proximity Caves | Discovered exit to Factory (range 11) 12097 | -5/Proximity Caves | Entered Factory 12097 | -5/Factory | Evolved 2 slots: Utility x2 12099 | -5/Factory | Loaded intel: 103 trap records 12102 | -5/Factory | Loaded intel: 26 terminal locations 12154 | -5/Factory | Build established: Scavenger-Mutant 12214 | -5/Factory | Identified exit to Upper Caves 12873 | -5/Factory | Cargo convoy interrupted 12902 | -5/Factory | Destroyed 13 combat bots 12906 | -5/Factory | Lost 3 parts (3u) 12910 | -5/Factory | Build established: Mutant 12923 | -5/Factory | Found Prototype Slashing Weapon 12923 | -5/Factory | Identified Nanosword 12928 | -5/Factory | Found Prototype Processor 12928 | -5/Factory | Identified Exp. Core Analyzer 12939 | -5/Factory | Found Prototype Device 12939 | -5/Factory | Identified Exp. Thermal Shield 12969 | -5/Factory | Found Prototype Launcher 12970 | -5/Factory | Identified Com. Tesla Bomb Launcher 12992 | -5/Factory | Found Exp. Thermal Shield 13467 | -5/Factory | Entered Upper Caves 13479 | -5/Upper Caves | Lost 4 parts (4u) 14187 | -5/Upper Caves | Attracted the attention of an 0b10 checkpoint 14237 | -5/Upper Caves | Discovered new exit (range 5) 14241 | -5/Upper Caves | Identified exit to Upper Caves 14319 | -5/Upper Caves | Learned Factory trap positions 14319 | -5/Upper Caves | Learned Research trap positions 14319 | -5/Upper Caves | Learned Armory trap positions 14319 | -5/Upper Caves | Learned Research stockpile data 14319 | -5/Upper Caves | Learned Extension security intel 14319 | -5/Upper Caves | Learned Research garrison access intel 14732 | -5/Upper Caves | Found Alien Artifact 14732 | -5/Upper Caves | Identified Dimensional Node Initializer 14732 | -5/Upper Caves | Initialized slip node 15364 | -5/Upper Caves | Entered another Upper Caves area 15373 | -5/Upper Caves | Discovered new exit (range 9) 15430 | -5/Upper Caves | Destroyed 7 combat bots 15479 | -5/Upper Caves | Identified exit to Factory 15558 | -5/Upper Caves | Learned Factory trap positions 15562 | -5/Upper Caves | Learned location of Armory (-4) 16017 | -5/Upper Caves | Spotted B-75 Beast 16110 | -5/Upper Caves | Destroyed B-75 Beast 16500 | -5/Upper Caves | Discovered new exit (range 47) 16607 | -5/Upper Caves | Identified exit to Zhirov 16615 | -5/Upper Caves | Entered Zhirov 16615 | -5/Zhirov | Accompanied by 1 ally 16615 | -5/Zhirov | Discovered new exit (range 3) 16636 | -5/Zhirov | Identified exit to Proximity Caves 16663 | -5/Zhirov | Met Zhirov 16710 | -5/Zhirov | Learned location of Quarantine (-3) 16710 | -5/Zhirov | Learned location of Testing (-2) 16710 | -5/Zhirov | Learned location of Command (-1) 16737 | -5/Zhirov | Zhirov requested help retrieving the SGEMP Prototype 16776 | -5/Zhirov | Found Alien Artifact 16776 | -5/Zhirov | Identified Integrated Reactor 16776 | -5/Zhirov | Installed Integrated Reactor, increased core energy generation (+10) 16910 | -5/Zhirov | Found Alien Artifact 16998 | -5/Zhirov | Entered Proximity Caves 16998 | -4/Proximity Caves | Accompanied by 1 ally 17169 | -4/Proximity Caves | Discovered exit to Factory (range 95) 17354 | -4/Proximity Caves | Attracted the attention of an 0b10 checkpoint 17433 | -4/Proximity Caves | Learned Research terminal intel 17541 | -4/Proximity Caves | Entered Factory 17541 | -4/Factory | Evolved 2 slots: Utility x2 17542 | -4/Factory | Loaded intel: 72 trap records 17737 | -4/Factory | Discovered new exit (range 15) 17766 | -4/Factory | Identified exit to Extension 17768 | -4/Factory | Entered Extension 18199 | -4/Extension | Rescued a captive Derelict 18249 | -4/Extension | Rescued a captive Derelict 18285 | -4/Extension | Spotted B-86 Titan 18293 | -4/Extension | Build established: Commander-Mutant 18297 | -4/Extension | Spotted B-86 Titan 18321 | -4/Extension | Allies destroyed B-86 Titan 18329 | -4/Extension | Allies destroyed B-86 Titan 18380 | -4/Extension | Discovered new exit (range 3) 18380 | -4/Extension | Identified exit to Research 18427 | -4/Extension | Rescued A7 18521 | -4/Extension | Rescued a captive Derelict 18523 | -4/Extension | Rescued a captive Derelict 18686 | -4/Extension | Energy Cycler disabled 18689 | -4/Extension | Rescued a captive Derelict 18696 | -4/Extension | Rescued a captive Derelict 18813 | -4/Extension | Discovered exit to Research (range 10) 18814 | -4/Extension | Discovered new exit (range 6) 18824 | -4/Extension | Identified exit to Cetus 18852 | -4/Extension | Entered Cetus 18852 | -4/Cetus | Accompanied by 15 allies (A7) 18857 | -4/Cetus | Acquired a Cetus Manufacturing Module code from A7 18871 | -4/Cetus | Spotted Cetus Guard 18874 | -4/Cetus | Spotted Cetus Guard 18874 | -4/Cetus | Spotted Cetus Guard 18875 | -4/Cetus | Spotted Cetus Guard 18882 | -4/Cetus | Allies destroyed Cetus Guard 18888 | -4/Cetus | Allies destroyed Cetus Guard 18890 | -4/Cetus | Allies destroyed Cetus Guard 18895 | -4/Cetus | Allies destroyed Cetus Guard 18999 | -4/Cetus | Started Cetus Manufacturing Module 19024 | -4/Cetus | Manufactured an Enhanced Grunt 19049 | -4/Cetus | Manufactured an Enhanced Grunt 19074 | -4/Cetus | Manufactured an Enhanced Grunt 19099 | -4/Cetus | Manufactured an Enhanced Grunt 19105 | -4/Cetus | Cetus Manufacturing Module disabled 19197 | -4/Cetus | Escorted A7 to Cetus Mainframe 19220 | -4/Cetus | Discovered new exit (range 16) 19242 | -4/Cetus | Identified exit to Archives 19249 | -4/Cetus | Entered Archives 19249 | -4/Archives | Accompanied by 13 allies (A7) 19255 | -4/Archives | Received a hacking code to weaken MAIN.C 19316 | -4/Archives | Found Exp. Thermal Shield 19332 | -4/Archives | Unable to access archive contents 19348 | -4/Archives | Unable to access archive contents 19367 | -4/Archives | Unable to access archive contents 19373 | -4/Archives | Discovered new exit (range 15) 19383 | -4/Archives | Unable to access archive contents 19383 | -4/Archives | Unable to access archive contents 19389 | -4/Archives | Discovered new exit (range 13) 19420 | -4/Archives | Identified exit to Hub_04(d) 19458 | -4/Archives | Discovered exit to Research (range 14) 19549 | -4/Archives | Entered Hub_04(d) 19549 | -4/Hub_04(d) | Accompanied by 8 allies 19607 | -4/Hub_04(d) | Garrison activated, responded to threat 19762 | -4/Hub_04(d) | Network Hub disabled 19931 | -4/Hub_04(d) | Build established: Scavenger-Mutant 19933 | -4/Hub_04(d) | Discovered exit to Research (range 16) 19977 | -4/Hub_04(d) | Spotted Lightning 19977 | -4/Hub_04(d) | Spotted Lightning 19978 | -4/Hub_04(d) | Spotted Lightning 19983 | -4/Hub_04(d) | Allies destroyed Lightning 19993 | -4/Hub_04(d) | Destroyed Lightning 20010 | -4/Hub_04(d) | Destroyed Lightning 20041 | -4/Hub_04(d) | Spotted B-86 Titan 20049 | -4/Hub_04(d) | First assault squad dispatched 20069 | -4/Hub_04(d) | Rewired B-86 Titan 20285 | -4/Hub_04(d) | Network Hub disabled 20305 | -4/Hub_04(d) | Destroyed Titan 7a 20323 | -4/Hub_04(d) | Entered Research 20323 | -3/Research | Evolved 2 slots: Utility x2 20324 | -3/Research | Loaded intel: 71 trap records 20327 | -3/Research | Loaded intel: 25 terminal locations 20328 | -3/Research | Loaded intel: 4 garrison access locations 20534 | -3/Research | Found Prototype Slashing Weapon 20534 | -3/Research | Identified Molecular Scythe 21073 | -3/Research | First assault squad dispatched 21194 | -3/Research | Identified exit to Quarantine 21307 | -3/Research | Destroyed 10 combat bots 21341 | -3/Research | Lost 9 parts (1p6u2w) 21422 | -3/Research | Entered Quarantine 21571 | -3/Quarantine | Build established: Hacker-Mutant 21663 | -3/Quarantine | Found Alien Artifact 21683 | -3/Quarantine | Identified Terrabomb 21683 | -3/Quarantine | Used Terrabomb 21704 | -3/Quarantine | Discovered new exit (range 15) 21725 | -3/Quarantine | Found Alien Energy Cannon 21725 | -3/Quarantine | Identified Core Cannon 21754 | -3/Quarantine | Identified exit to Research 21773 | -3/Quarantine | Found Sigix Corpse 21792 | -3/Quarantine | Found Sigix Corpse 21833 | -3/Quarantine | Found Alien Artifact 21835 | -3/Quarantine | Identified Phase Armor 21929 | -3/Quarantine | Found Alien Impact Weapon 21929 | -3/Quarantine | Identified Core Stripper 21947 | -3/Quarantine | First assault squad dispatched 21974 | -3/Quarantine | Identified Transdimensional Reconstructor 22214 | -3/Quarantine | Spotted Fortress 22248 | -3/Quarantine | Destroyed Fortress 22268 | -3/Quarantine | Found Prototype Protection 22268 | -3/Quarantine | Identified Centrium Heavy Armor Plating 22272 | -3/Quarantine | Found Prototype Device 22272 | -3/Quarantine | Identified Thermal Barrier 22281 | -3/Quarantine | Found Antimissile System 22285 | -3/Quarantine | Found Prototype Device 22286 | -3/Quarantine | Identified Exp. EM Disruption Field 22301 | -3/Quarantine | Found Prototype Device 22301 | -3/Quarantine | Identified Exp. Force Field 22495 | -3/Quarantine | Discovered new exit (range 5) 22502 | -3/Quarantine | Identified exit to Section 7 22515 | -3/Quarantine | Entered Section 7 22583 | -3/Section 7 | Found Alien Artifact 22583 | -3/Section 7 | Identified Integrated Mediator 22583 | -3/Section 7 | Installed Integrated Mediator, increased core attachment efficiency. 22753 | -3/Section 7 | Core integrity fell below 50% 22930 | -3/Section 7 | Spotted S7 Guard 22949 | -3/Section 7 | Destroyed S7 Guard 22964 | -3/Section 7 | Found Prototype Protection 22964 | -3/Section 7 | Identified Hvy. Regenerative Plating 23010 | -3/Section 7 | Found Alien Artifact 23010 | -3/Section 7 | Identified Integrated Thermoelectric Network 23010 | -3/Section 7 | Installed Integrated Thermoelectric Network, gained heat-energy exchange potential 23265 | -3/Section 7 | First assault squad dispatched 23354 | -3/Section 7 | Found Alien Artifact 23354 | -3/Section 7 | Identified Microwarp Drive 23551 | -3/Section 7 | Discovered exit to Research (range 14) 23780 | -3/Section 7 | Core integrity fell below 20% 23909 | -3/Section 7 | Found Alien Artifact 23909 | -3/Section 7 | Identified Integrated Dissipator 23909 | -3/Section 7 | Installed Integrated Dissipator, increased core heat dissipation (+20) 23966 | -3/Section 7 | Spotted Executioner 23966 | -3/Section 7 | Spotted Executioner 23971 | -3/Section 7 | Enhanced Grunt warped into view, answering call for help 23973 | -3/Section 7 | Enhanced Grunt warped into view, answering call for help 24005 | -3/Section 7 | Destroyed Executioner 24018 | -3/Section 7 | Destroyed by B-74 Champion with Powered Hammer Last Messages --------------- 23997_ Slug penetrates Enhanced Grunt. 23998_ Penetrated by Slug. 23998_ Slug penetrates Reinforced Barrier. 23999_ C-55 Analyst destroyed. 24000_ Slug penetrates Enhanced Grunt. 24001_ Penetrated by Slug. 24001_ Slug penetrates Reinforced Barrier. 24002_ Executioner Imp. Quantum Reactor blasted off. 24003_ Enhanced Grunt destroyed. 24004_ Penetrated by Slug. 24005_ Executioner destroyed. 24007_ Penetrated by Slug. 24010_ Slug penetrates Reinforced Barrier. 24010_ Penetrated by Slug. 24011_ B-74 Champion Med. Treads blasted off. 24015_ ALERT: Significant disruption in Zone 2K, multiple assault carriers dispatched. 24017_ Penetrated by Slug. 24017_ Slug penetrates Reinforced Barrier. [Achievement: I Think I Know What's Going On] Map ----- +----------------------------------------------------+ | | | | | | | | | | | ?????????????????????????????????????????????????? | | ?????????????????????????????????????????????????? | | ???????##########????????????????????????????????? | | ???????# #????????????????????????????????? | | ???????# #????????????????????????????????? | | ???????# #????????????????????????????????? | | ???????# #????????????????????????????????? | | ???????# """"" #?????????????????????????##?????? | | ???????# "" "" #?????###################% #?????? | | ???????# "" #?????#"""""""""" g * ????? | | ######## #?????#" !! E % ????? | | # #?????#" =%! % ???? | | ###+######???###" ! ???? | | "" """ # #########T# "?????? | | "" """ + ! "?????? | | ""* # %$! "?????? | | = =! #= ###+####### *$%! "?????? | | /% ## ### #???#" !$| "?????? | | =[* ## #?# #???#"w "?????? | | ######### #?# #???#" " "?????? | | "#??????# #?# #???#" @ """ "?????? | | "######## #?# #???# b % " "?????? | | #?#" #???# " "?????? | | #?#T #???#" %% "?????? | | ############?#" #???#" = """""" "?????? | | ######???????# #???#" % "??????"" "?????? | | #???????######???#" "?????????? ????? | | """ ##????????????????#" ?????????????????? | | """ #?????????????????#" ????????????????? | | """ #?????????????????#" """???????????????? | | """ #?????????????????#" "?????????????????? | | """ #?????????????????#" "?????????????????? | | """ #?????????????????#" %! ?????????????????? | | """ #?????????????????#" ==[ ?????????????????? | | """ #?????????????????#" *%% ????????????????? | | """ ##########????????#" % ????????????????? | | # #????????#" ???????????????? | | ? #????????#" ! ???????????????? | | ##### #????????#" * """"??????????????? | | ???????????????????????? %= "?????????????????? | | ???????????????????????? ! "?????????????????? | | ????????????????????????" ???????????????????? | | ?????????????????????????"%??????????????????????? | | [ ???????????????????????????????????????????????? | | ???????????????????????????????????????????????? | +----------------------------------------------------+ Best States ------------- Heat Dissipation 136 Coolant Potential 100 Energy Generation 43 Energy Capacity 950 Matter Stores 600 Matter Capacity 600 Sight Range 23 Robot Scan Range 16 Terrain Scan Range 16 Terrain Scan Density 135 Power Amplification 30 Additional Mass Support 12 Corruption Containment 8 Armor Coverage 1425 Resistance: KI 30 Resistance: TH 50 Resistance: EM 75 Utility Shielding 90 Point Defense Rating 80 Weapon Cycling 20 Evasion (%) 50 Targeting Accuracy 14 Target Analysis 8 Core Analysis 8 Recoil Reduction 2 Matter Filtering 30 Energy Filtering 30 Particle Charging 20 Kinecelleration 40 Offensive Hacking 20 Defensive Hacking 22 Item Schematics ----------------- Grenade Launcher | -8/Materials | Scanalyzed Arm. Wheel | -8/Materials | Scanalyzed Adv. Treads | -8/Materials | Scanalyzed System Shield | -8/Materials | Scanalyzed Gravity Neutralizer | -5/Factory | Scanalyzed Assault Drone Bay | -5/Zhirov | Free Exp. Heat Sink | -5/Zhirov | Free Exp. Optical Array | -5/Zhirov | Free Imp. Arc Thrower | -5/Zhirov | Free Energy Mantle | -3/Quarantine | Archive Biometal Medium Treads | -3/Quarantine | Scanalyzed Adv. EM Disruption Field | -3/Section 7 | Archive Adv. Plasma Rifle | -3/Section 7 | Archive Cld. Phase Gun | -3/Section 7 | Archive Robot Schematics ------------------ R-10 Processor | -3/Quarantine | Archive A-15 Conveyor | -3/Quarantine | Archive A-02 Transporter | -3/Section 7 | Archive Fabricated ------------ Nothing Alien Tech Used ----------------- Dimensional Node Initializer Integrated Reactor Terrabomb Core Cannon Phase Armor Core Stripper Integrated Mediator Integrated Thermoelectric Network Microwarp Drive Integrated Dissipator Achievements -------------- I Think I Know What's Going On Nope Overkill Sunderer Challenges ------------ None Game ------ Seed ReflectiveGhostNeutralizer Manual? 0 Play Time 05:36:09 Cumulative 151.3 hours Start 2023.12.12 @ 16:20:35 End 2023.12.18 @ 01:31:52 Sessions 15 Manual Loads 0 Difficulty Rogue Special Mode None Game No. 34 Rogue 34 Adventurer 0 Explorer 0 Win Type - Total 2 Types 1/1/0/0/0/0/0/0/0 Lore% 51 Gallery% 66 Achievement% 59 Wizard Run 0 Options --------- ASCII 0 Keyboard 0 Movement Mouse Keybinds 0 Fullscreen 2 Font 24/Smallcaps Map View 76x50 Tactical HUD 1 Map Filters NONE Filters NONE Steam X RUN: 16c8df37-544b-431b-85e7-2589b0ae7977